 Dungeon Crawl Stone Soup version 0.19-a0-1735-g048f9dc (webtiles) character file.

359890 Snugglebees the Swordmaster (level 21, -3/153 HPs)
             Began as a Minotaur Fighter on Sept 28, 2016.
             Was the Champion of Hepliaklqana.
             Slain by an iron troll (7 damage)
             ... on level 2 of the Depths on Sept 30, 2016.
             The game lasted 02:36:10 (46437 turns).

Snugglebees the Swordmaster (Minotaur Fighter)     Turns: 46437, Time: 02:36:11

Health: -3/153     AC: 27    Str: 27    XL:     21   Next: 46%
Magic:  37/37      EV: 18    Int: 14    God:    Hepliaklqana [******]
Gold:   4822       SH: 21    Dex: 22    Spells: 0 memorised, 20 levels left

rFire  . . .     SeeInvis .     a - +9 scimitar (flame)
rCold  + . .     Gourm    +     Z - +2 plate armour {rC+}
rNeg   + . .     Faith    .     c - +3 shield
rPois  +         Spirit   .     Y - +2 hat "Basen" {*Corrode Regen+ MP+9}
rElec  +         Dismiss  .     P - +1 cloak {MR+}
rCorr  .         Reflect  .     h - +0 pair of gloves of the Nightingale {rElec}
MR     ++++.     Harm     .     g - +0 pair of boots of Lethargy {*Contam Dex+4 Slay+6}
Stlth  ..........               R - amulet of Fuawiuxa {Gourm *Slow rPois MR+ Int+5}
                                G - ring "Qosi" {MR+ Int+4 Dex+4}
                                L - ring of positive energy

@: about to teleport, slowed, very slow
A: retaliatory headbutt, reduced essence, horns 2
a: Recall Ancestor, Ancestor Identity, Transference, Idealise, Renounce Religion
}: 2/15 runes: decaying, gossamer


You were on level 2 of the Depths.
You worshipped Hepliaklqana.
Hepliaklqana was exalted by your worship.
You were completely stuffed.

You visited 8 branches of the dungeon, and saw 37 of its levels.
You visited the Abyss 1 time.
You also visited: Labyrinth.

You collected 5062 gold pieces.
You spent 240 gold pieces at shops.

Inventory:

Hand Weapons
 a - a +9 scimitar of flaming (weapon)
 U - the +8 long sword of Prudence {vamp, rC+ MR+ Dex+4}
   (You found it in a labyrinth)

   It inflicts no extra harm, but heals its wielder somewhat when it strikes a
   living foe.
   It affects your dexterity (+4).
   It protects you from cold.
   It affects your resistance to hostile enchantments.
Armour
 c - a +3 shield (worn)
 g - the +0 pair of boots of Lethargy (worn) {*Contam Dex+4 Slay+6}
   (You acquired it on level 2 of the Lair of Beasts)

   It affects your dexterity (+4).
   It affects your accuracy and damage with ranged weapons and melee attacks
   (+6).
   It causes magical contamination when unequipped.
 h - the +0 pair of gloves of the Nightingale (worn) {rElec}
   (You found it on level 8 of the Dungeon)

   It insulates you from electricity.
 P - a +1 cloak of magic resistance (worn)
 Y - the +2 hat "Basen" (worn) {*Corrode Regen+ MP+9}
   (You acquired it on level 1 of the Elven Halls)

   It affects your magic capacity (+9).
   It increases your rate of regeneration.
   It may corrode you when you take damage.
 Z - a +2 plate armour of cold resistance (worn)
Jewellery
 k - the ring "Uddiy" {+Fly Dex+4}
   (You found it on level 3 of the Elven Halls)

   [ring of flight]

   It affects your dexterity (+4).
   It lets you fly.
 m - the brooch of Shielding {Reflect SH+8}
   (You took it off a deep elf high priest on level 3 of the Elven Halls)

   [amulet of reflection]

   It shields you and reflects attacks.
   It affects your SH (+8).
 s - a +3 ring of strength
 z - the ring "Lyossoaps" {Str+2 Int+3 Dex+3}
   (You took it off a deep elf mage on level 3 of the Elven Halls)

   [ring of strength]

   It affects your strength (+2).
   It affects your intelligence (+3).
   It affects your dexterity (+3).
 F - a +4 amulet of reflection
 G - the ring "Qosi" (right hand) {MR+ Int+4 Dex+4}
   (You took it off a deep elf annihilator on level 3 of the Elven Halls)

   [ring of protection from magic]

   It affects your intelligence (+4).
   It affects your dexterity (+4).
   It affects your resistance to hostile enchantments.
 K - an uncursed ring of protection from magic
 L - a ring of positive energy (left hand)
 R - the amulet of Fuawiuxa (around neck) {Gourm *Slow rPois MR+ Int+5}
   (You acquired it on level 2 of the Swamp)

   [amulet of the gourmand]

   It allows you to eat raw meat even when not hungry.
   It affects your intelligence (+5).
   It protects you from poison.
   It affects your resistance to hostile enchantments.
   It may slow you when you take damage.
Wands
 e - a wand of iceblast (7/15)
 B - a wand of disintegration (14/24)
 Q - a wand of hasting (2/9)
 W - a wand of teleportation (3/9)
Scrolls
 i - 2 scrolls of teleportation
 l - 2 scrolls of brand weapon
 o - 13 scrolls of fear
 q - a scroll of enchant weapon
 r - 3 scrolls of magic mapping
 y - 19 scrolls of remove curse
 A - a scroll of holy word
 I - 2 scrolls of silence
 J - 6 scrolls of recharging
 N - 6 scrolls of fog
 T - 3 scrolls of identify
Potions
 d - 4 potions of might
 n - 6 potions of invisibility
 t - 5 potions of cancellation
 u - a potion of resistance
 v - 6 potions of brilliance
 x - 14 potions of curing
 C - 8 potions of lignification
 E - 6 potions of flight
 H - a potion of heal wounds
 M - 2 potions of magic
 O - 9 potions of haste
 S - a potion of berserk rage
 X - 3 potions of ambrosia
Comestibles
 b - 3 beef jerkies
 f - 24 bread rations
 j - 6 chunks of flesh
 w - 2 slices of pizza
 D - 17 meat rations
 V - 7 royal jellies


   Skills:
 - Level 11.0 Fighting
 O Level 27 Long Blades
   Level 0.4 Slings
 - Level 16.2 Armour
 - Level 13.0 Dodging
 + Level 21.2 Shields
 - Level 11.1 Invocations
 * Level 7.3 Evocations


You had 20 spell levels left.
You didn't know any spells.

Dungeon Overview and Level Annotations

Branches:
Dungeon (15/15) Temple (1/1) D:7 Lair (6/6) D:11 Swamp (4/4) Lair:4 Spider (4/4) Lair:3 Slime (0/5) Lair:6 Orc (2/2) D:10 Elf (3/3) Orc:2 Vaults (0/5) D:13 D:14 Depths (2/5) D:15

Altars:
Ashenzari
Cheibriados
Dithmenos
Elyvilon
Fedhas
Gozag
Hepliaklqana
Kikubaaqudgha
Makhleb
Nemelex Xobeh
Okawaru
Qazlal
Ru
Sif Muna
Trog
Uskayaw
Vehumet
Xom
Yredelemnul
Zin
The Shining One
Beogh
Jiyva

Shops:
Orc:2 !?:(

Portals:
Hell: Depths:1 Depths:2
Pandemonium: Orc:2
Ziggurat: Depths:2

Annotations:
Lair:2 Stash


Innate Abilities, Weirdness & Mutations

You reflexively headbutt those who attack you in melee.
You have a pair of horns on your head.
Your life essence is reduced. (-10% HP)


Message History

You block the deep troll's attack.
You block the deep troll shaman's attack.
The deep troll shaman closely misses you.
The deep troll shaman misses you.
You slash the deep troll shaman! You burn the deep troll shaman.
You kill the deep troll shaman!
The deep troll bites you but does no damage.
You block the deep troll's attack. The deep troll completely misses you.
The deep troll bites you!!
* * * LOW HITPOINT WARNING * * *
The deep troll completely misses you. The deep troll closely misses you.
As you read the scroll of teleportation, it crumbles to dust.
You feel strangely unstable. You block the deep troll's attack. x3
The iron troll bites you!
* * * LOW HITPOINT WARNING * * *
The iron troll misses you. x2; You block the deep troll's attack.
The deep troll misses you. The deep troll claws you.
* * * LOW HITPOINT WARNING * * *
The iron troll bites you!
You die...

#......##≈≈§§§≈##.#.#(.###
#..#.#.###########C#(##.'.
##.....####.#####.#(#.#'#.
##...#..##.....)#....(.#..
#.......##..#..#'#(##(.#.##
##...#.#.#..#.#..#.[#.#.#..
#........##..#..#'#.[##.###
#^.##.#..##.T....#....).##
##.......##@#)#.########'###
#...#.#.###T#[##......##...
#.......##.#.#.##.....)#.##
##...#..##..[..#+.##u..#.#.
##.....##.##...#.#u#..#..#
##.#.#.#..#.#.#'#C##..#..[
#......##..##..###.)..#.#.
##..#..##.....###C#'#.##'#
##......####.####.#u####.#.


You could see an iron troll and a deep troll.

Vanquished Creatures
  A juggernaut (Depths:2)
  Bai Suzhen (Depths:2)
  Rupert (D:13)
  A tentacled monstrosity (Depths:2)
  A deep elf blademaster (Elf:3)
  A titan (Depths:2)
  A deep elf master archer (Elf:3)
  A sphinx (Depths:2)
  2 shadow dragons
  A thorn hunter (Swamp:2)
  A storm dragon (D:15)
  3 tengu reavers (Depths:2)
  2 fire giants (Depths:2)
  2 frost giants (Depths:2)
  2 ghost moths (Spider:4)
  5 deep elf sorcerers
  A caustic shrike zombie (Depths:2)
  Louise (Swamp:1)
  9 emperor scorpions
  An orc warlord (Orc:1)
  2 deep elf elementalists
  8 stone giants
  A spriggan defender (Depths:2)
  5 very ugly things
  5 deep elf demonologists
  A vampire knight (Depths:2)
  4 entropy weavers
  A purple draconian (Abyss:3)
  2 dire elephants (Lair:6)
  5 deep elf annihilators
  2 deep elf death magi (Elf:3)
  2 pearl dragon zombies (Depths:1)
  8 spark wasps
  A merfolk javelineer (Depths:1)
  6 ettins (Depths:2)
  A yaktaur captain (Depths:2)
  A minotaur (Lab)
  2 green deaths (Swamp:4)
  6 deep elf high priests (Elf:3)
  Josephine (D:9)
  6 ogre magi
  2 great orbs of eyes
  5 fire dragons
  18 hydras
  A quicksilver dragon skeleton (Abyss:3)
  2 rakshasas
  4 ice dragons (Depths:2)
  4 centaur warriors
  3 spriggan air magi (Depths:2)
  An anaconda (Lair:6)
  23 dancing weapons
  A death knight (D:14)
  5 tengu warriors
  5 deep troll shamans (Depths:2)
  2 alligators
  3 spriggan berserkers (Depths:2)
  2 hell hogs (Depths:1)
  7 deep troll earth magi
  5 death scarabs (Spider:4)
  A thrashing horror (Swamp:4)
  2 orc high priests (Orc:2)
  6 death yaks (Lair:6)
  Urug (D:14)
  3 hell knights (D:14)
  16 deep elf knights
  A spatial maelstrom (Abyss:3)
  4 skeletal warriors
  A glowing orange brain (Abyss:3)
  3 unseen horrors
  A wizard (Depths:2)
  2 swamp dragons (Swamp:4)
  A shambling mangrove (Swamp:3)
  2 large abominations (Abyss:3)
  10 deep elf archers
  5 deep trolls
  4 hill giants
  2 spectral wolf spiders (Spider:4)
  4 necromancers
  6 orc knights
  A sphinx zombie (Depths:2)
  6 orb spiders
  A wolf spider zombie (Spider:4)
  A faun (shapeshifter) (Depths:2)
  44 deep elf magi
  13 wolf spiders
  A frost giant zombie (Depths:2)
  16 ugly things
  3 manticores
  A phantasmal warrior (D:15)
  2 moths of wrath
  6 hornets
  10 orc sorcerers
  5 cyclopes
  A worldbinder (Abyss:2)
  9 elephants (Lair:6)
  3 centaur zombies
  2 black mambas
  3 apis skeletons (Depths:1)
  A torpor snail (Lair:3)
  An orange demon (Orc:2)
  17 spiny frogs
  2 efreet
  2 yaktaurs (Depths:1)
  2 rime drakes (Lair:3)
  4 spectral redbacks (Spider:4)
  A kobold demonologist (D:14)
  3 komodo dragons
  A redback zombie (Spider:4)
  An ice devil (Orc:2)
  2 tengu conjurers (Depths:2)
  5 demonic crawlers
  A hellwing (Abyss:3)
  2 ancient zymes (Abyss:3)
  A komodo dragon (shapeshifter) (Elf:1)
  A red devil (Orc:2)
  5 trolls
  16 jumping spiders
  3 spectral jumping spiders (Spider:4)
  A jumping spider (shapeshifter) (Depths:1)
  11 two-headed ogres
  9 tyrant leeches
  5 bog bodies
  24 slime creatures
  4 spectral tarantellas (Spider:4)
  2 dream sheep (D:9)
  13 blink frogs
  2 spectral hornets (Spider:4)
  A jumping spider zombie (Spider:4)
  7 hippogriffs
  A stone giant simulacrum (Depths:2)
  An air elemental (Elf:2)
  5 shadows
  21 tarantellas
  3 water elementals
  An ettin skeleton (Depths:2)
  14 humans (D:13)
  23 yaks
  6 wraiths
  2 wyverns
  49 redbacks
  A basilisk (Lair:2)
  A steam dragon (D:12)
  2 ynoxinuls
  2 vampires
  9 vampire mosquitoes
  2 chaos spawn
  2 wargs
  4 insubstantial wisps (Swamp:3)
  11 swamp worms
  A mottled dragon (D:12)
  A hell hound (shapeshifter) (D:15)
  12 water moccasins
  3 hell hounds (D:14)
  8 porcupines
  2 sky beasts
  3 ice beasts
  4 swamp drakes
  35 orc warriors
  2 wasps
  2 phantoms (D:9)
  3 black bears
  18 ogres
  3 wolves (Lair:4)
  8 centaurs
  8 crocodiles
  3 big kobolds (D:10)
  10 bullfrogs
  2 earth elementals
  3 small abominations
  A wyvern skeleton (D:11)
  4 scorpions
  13 killer bees
  A troll skeleton (Lab)
  2 spriggan skeletons
  2 wights (D:15)
  3 electric eels
  4 crimson imps
  7 hounds
  An iron imp (Depths:1)
  A bullfrog skeleton (D:10)
  A jelly (D:13)
  A bullfrog zombie (D:7)
  30 orc priests
  19 orc wizards
  7 centaur skeletons
  6 iguanas
  11 worker ants
  A hound zombie (D:6)
  3 hound skeletons
  A worker ant zombie (D:5)
  2 howler monkey skeletons
  17 adders
  26 river rats
  2 shadow imps
  An ufetubus (Abyss:3)
  An ooze (D:1)
  An adder skeleton (D:7)
  7 worms
  2 dart slugs
  4 leopard geckos
  77 orcs
  2 ball pythons
  10 bats
  7 giant cockroaches
  12 goblins
  9 hobgoblins
  13 jackals
  8 kobolds
  7 quokkas
  4 frilled lizards
  A leopard gecko skeleton (D:6)
  10 rats
  A briar patch (Swamp:2)
  5 plants
1193 creatures vanquished.

Vanquished Creatures (collateral kills)
  Saint Roka (Elf:3)
  Nikola (Elf:3)
  A profane servitor (Depths:1)
  A tentacled monstrosity (Swamp:4)
  2 deep elf blademasters (Elf:3)
  A tentacled starspawn (Abyss:2)
  4 deep elf sorcerers (Elf:3)
  An emperor scorpion (Spider:4)
  4 deep elf elementalists (Elf:3)
  Aizul (Swamp:3)
  2 stone giants
  3 very ugly things (Depths:2)
  A vampire knight (Depths:2)
  An entropy weaver (Spider:4)
  4 deep elf annihilators (Elf:3)
  2 dire elephants (Lair:6)
  A spark wasp (Spider:3)
  An ettin (Depths:2)
  2 deep elf death magi (Elf:3)
  A merfolk impaler (Depths:1)
  A deep elf high priest (Elf:3)
  A great orb of eyes (Depths:2)
  An ice dragon (Depths:2)
  4 hydras
  The ghost of beep the Transmogrifier, a journeyman MfTm of Okawaru (D:11)
  A rakshasa (Depths:2)
  A death knight (Depths:1)
  3 death scarabs (Spider:4)
  5 dancing weapons
  An alligator (Swamp:2)
  4 deep troll shamans
  A hell hog (Depths:1)
  2 tengu warriors
  A spriggan berserker (Depths:2)
  3 hell knights (D:14)
  2 deep elf knights
  A spectral emperor scorpion (Spider:4)
  A skeletal warrior (D:15)
  A removed MONS_PUTRID_DEMONSPAWN (Orc:2)
  3 swamp dragons
  A deep troll (Depths:1)
  6 deep elf archers
  A hill giant (D:15)
  10 deep elf magi
  2 ugly things
  5 wolf spiders
  An orc knight (Orc:2)
  7 orb spiders
  3 orc sorcerers
  A salamander (D:15)
  A centaur zombie (D:15)
  3 hornets
  A spriggan zombie (Depths:2)
  An apis skeleton (Depths:1)
  5 elephants (Lair:6)
  A black mamba (Lair:4)
  2 moths of wrath
  A torpor snail (Lair:4)
  4 spiny frogs
  3 spectral redbacks (Spider:4)
  A komodo dragon (Lair:1)
  A redback zombie (Spider:4)
  4 demonic crawlers
  A red devil (Orc:2)
  6 yaktaurs
  A tengu conjurer (Depths:2)
  A troll (D:11)
  14 jumping spiders
  A spectral jumping spider (Spider:4)
  2 two-headed ogres
  4 blink frogs
  3 tyrant leeches
  A large abomination (Swamp:4)
  2 hippogriffs
  5 slime creatures
  14 redbacks
  3 water elementals (Depths:1)
  3 wraiths (D:10)
  2 shadows
  2 hungry ghosts
  5 yaks
  5 tarantellas
  2 humans (D:13)
  A fire elemental (Elf:1)
  A vampire mosquito (Swamp:1)
  A warg (Elf:3)
  3 swamp worms (Swamp:1)
  2 insubstantial wisps (Swamp:3)
  2 water moccasins
  3 swamp drakes
  4 hell hounds (D:14)
  14 orc warriors
  4 small abominations
  9 ogres
  5 wasps
  A phantom (D:10)
  A black bear (D:10)
  An ice beast (D:10)
  2 wolves (Lair:4)
  3 centaurs
  2 crocodiles
  A big kobold (D:10)
  An earth elemental (Elf:2)
  A scorpion (Lair:1)
  3 killer bees
  A wight (D:15)
  2 electric eels (Elf:3)
  A jelly (D:10)
  A hound (D:11)
  2 orc wizards
  3 orc priests
  A bullfrog skeleton (D:13)
  2 iguanas
  3 worker ants
  A killer bee zombie (D:9)
  A hound zombie (D:9)
  2 adders
  8 river rats
  A shadow imp (D:12)
  28 orcs
  2 giant cockroaches (Lair:3)
  A goblin (D:7)
  A kobold (D:10)
  A quokka (D:10)
  2 fungi (Lair:6)
  4 plants
348 creatures vanquished.

Vanquished Creatures (others)
  Sonja (D:14)
  A deep elf mage (Elf:1)
  A cyclops (Orc:2)
  A demonic crawler (Spider:4)
  A jumping spider (Spider:3)
  5 centaurs
  An ancestor (D:8)
  43 battlemagi
  An orc (Orc:1)
  15 fungi
  10 plants
  2 starspawn tentacles (Abyss:2)
82 creatures vanquished.

Grand Total: 1623 creatures vanquished

Notes
Turn   | Place    | Note
-------+----------+-------------------------------------------
     0 | D:1      | Snugglebees the Minotaur Fighter began the quest for the Orb.
     0 | D:1      | Reached XP level 1. HP: 19/19 MP: 0/0
    18 | D:1      | Reached skill level 3 in Long Blades
    21 | D:1      | Reached XP level 2. HP: 25/26 MP: 1/1
   356 | D:1      | Reached skill level 4 in Long Blades
   549 | D:2      | Reached XP level 3. HP: 28/31 MP: 2/2
   753 | D:2      | Found an opulent altar of Gozag.
   940 | D:2      | Reached skill level 5 in Long Blades
  1127 | D:2      | Reached XP level 4. HP: 35/39 MP: 3/3
  1369 | D:3      | Found a glowing golden altar of the Shining One.
  2210 | D:4      | Reached skill level 6 in Long Blades
  2538 | D:4      | Reached XP level 5. HP: 38/45 MP: 4/4
  2748 | D:4      | Reached skill level 7 in Long Blades
  2888 | D:4      | Reached XP level 6. HP: 51/51 MP: 5/5
  3062 | D:5      | Entered Level 5 of the Dungeon
  3083 | D:5      | Reached skill level 8 in Long Blades
  3089 | D:5      | Found a blossoming altar of Fedhas.
  4160 | D:6      | Reached skill level 9 in Long Blades
  4168 | D:6      | Reached XP level 7. HP: 53/57 MP: 6/6
  4626 | D:6      | Reached skill level 10 in Long Blades
  5108 | D:7      | Found a white marble altar of Elyvilon.
  5199 | D:7      | Reached skill level 11 in Long Blades
  5223 | D:7      | Reached XP level 8. HP: 46/64 MP: 7/7
  5354 | D:7      | Found a staircase to the Ecumenical Temple.
  5369 | Temple   | Entered the Ecumenical Temple
  5749 | Temple   | Became a worshipper of Hepliaklqana
  5939 | D:7      | Reached skill level 12 in Long Blades
  6077 | D:7      | Found a stormy altar of Qazlal.
  6080 | D:7      | Noticed an air elemental
  6152 | D:7      | Found a bloodstained altar of Trog.
  6364 | D:8      | Got a pair of brightly glowing gloves
  6375 | D:8      | Identified the +0 pair of gloves of the Nightingale {rElec} (You found it on level 8 of the Dungeon)
  6521 | D:8      | Reached skill level 13 in Long Blades
  6633 | D:8      | Found a snail-covered altar of Cheibriados.
  6783 | D:8      | Reached * piety under Hepliaklqana
  7101 | D:9      | Reached XP level 9. HP: 62/63 MP: 8/8
  7134 | D:8      | Reached skill level 14 in Long Blades
  7513 | D:9      | Found a sacrificial altar of Ru.
  7735 | D:9      | Reached ** piety under Hepliaklqana
  7736 | D:9      | Remembered your ancestor Zac as a battlemage
  8003 | D:10     | Entered Level 10 of the Dungeon
  8045 | D:10     | Reached skill level 15 in Long Blades
  8365 | D:9      | Reached skill level 16 in Long Blades
  8409 | D:9      | Reached skill level 5 in Shields
  8409 | D:9      | Reached XP level 10. HP: 46/69 MP: 9/9
  8536 | D:10     | Noticed Josephine
  8763 | D:9      | Killed Josephine
  9098 | D:10     | Reached skill level 10 in Shields
  9382 | D:10     | Noticed a three-headed hydra
  9452 | D:10     | Killed a four-headed hydra
  9880 | D:10     | Found a staircase to the Orcish Mines.
  9966 | D:11     | Noticed a manticore
  9978 | D:11     | Killed a manticore
  9978 | D:11     | Reached skill level 1 in Evocations
  9978 | D:11     | Reached XP level 11. HP: 53/73 MP: 10/10
 10151 | D:11     | Found a glowing silver altar of Zin.
 10186 | D:11     | Reached *** piety under Hepliaklqana
 10230 | D:11     | Found a staircase to the Lair.
 10719 | D:11     | Gained mutation: You have large cloven feet. [potion of beneficial mutation]
 10771 | D:11     | Lost mutation: You have large cloven feet. [potion of cure mutation]
 10818 | D:11     | Noticed beep's ghost (journeyman MfTm)
 10847 | D:11     | Killed beep's ghost
 11104 | D:11     | Noticed a hill giant
 11112 | D:11     | Killed a hill giant
 11156 | D:11     | Noticed a hill giant
 11167 | D:11     | Killed a hill giant
 11193 | D:11     | Noticed a cyan ugly thing
 11202 | D:11     | Killed a cyan ugly thing
 11237 | D:11     | Reached **** piety under Hepliaklqana
 11259 | D:11     | Noticed an orc knight
 11424 | D:10     | Killed an orc knight
 11732 | D:11     | Found a roughly hewn altar of Beogh.
 11864 | D:11     | Upgraded the game from 0.19-a0-1704-gbd66c22 to 0.19-a0-1714-gcab94ab
 11914 | Lair:1   | Entered Level 1 of the Lair of Beasts
 11923 | Lair:1   | Reached skill level 15 in Shields
 12927 | Lair:2   | Found a labyrinth entrance.
 12929 | Lair:2   | Reached XP level 12. HP: 81/81 MP: 11/11
 12954 | Lab      | Entered a labyrinth
 13064 | Lab      | Reached ***** piety under Hepliaklqana
 13374 | Lab      | Noticed a minotaur
 13380 | Lab      | Killed a minotaur
 13384 | Lab      | Got a fine long sword
 13384 | Lab      | Got a warped chain mail
 13392 | Lab      | Identified the +8 long sword of Prudence {vamp, rC+ MR+ Dex+4} (You found it in a labyrinth)
 13403 | Lab      | Identified the +3 chain mail "Juwnos" {rElec} (You found it in a labyrinth)
 13507 | Lair:2   | Identified a scroll of acquirement
 13512 | Lair:2   | Got a pair of brightly glowing boots
 13518 | Lair:2   | Identified the +0 pair of boots of Lethargy {*Contam Dex+4 Slay+6} (You acquired it on level 2 of the Lair of Beasts)
 13770 | Lair:2   | Reached skill level 5 in Fighting
 14150 | Lair:3   | Found a hole to the Spider Nest.
 15147 | Lair:4   | Reached ****** piety under Hepliaklqana
 15156 | Lair:4   | Found a staircase to the Swamp.
 15745 | Lair:5   | Reached skill level 10 in Fighting
 15812 | Lair:5   | Found a basalt altar of Yredelemnul.
 16004 | Lair:5   | Reached skill level 1 in Invocations
 16289 | Lair:6   | Entered Level 6 of the Lair of Beasts
 16289 | Lair:6   | Noticed an eight-headed hydra
 16313 | Lair:6   | Killed a 12-headed hydra
 16566 | Lair:6   | Found a staircase to the Slime Pits.
 16567 | Lair:6   | Found a viscous altar of Jiyva.
 16589 | Lair:6   | Reached XP level 13. HP: 104/104 MP: 15/15
 16715 | Lair:6   | Reached skill level 5 in Invocations
 17589 | Lair:6   | Noticed a dire elephant
 17589 | Lair:6   | Noticed a dire elephant
 17597 | Lair:6   | Killed a dire elephant
 17607 | Lair:6   | Killed a dire elephant
 17899 | Lair:6   | Noticed a dire elephant
 17905 | Lair:6   | Killed a dire elephant
 17905 | Lair:6   | Reached skill level 10 in Invocations
 17915 | Lair:6   | Noticed a dire elephant
 17954 | Lair:6   | Killed a dire elephant
 18315 | Orc:1    | Entered Level 1 of the Orcish Mines
 18322 | Orc:1    | Noticed an orc warlord
 18453 | D:10     | Reached skill level 5 in Armour
 18722 | Orc:1    | Killed an orc warlord
 18722 | Orc:1    | Reached XP level 14. HP: 111/111 MP: 21/21
 18866 | Orc:1    | Noticed a stone giant
 18881 | Orc:1    | Killed a stone giant
 19367 | Orc:2    | Entered Level 2 of the Orcish Mines
 19477 | Orc:2    | Found Ager's Weapon Shop.
 19518 | Orc:2    | Found Yhuix Ythawn's Distillery.
 19523 | Orc:2    | Found Kuchex's Magic Scroll Boutique.
 19856 | Orc:2    | Bought a scroll of blinking for 120 gold pieces
 19856 | Orc:2    | Bought a scroll of torment for 120 gold pieces
 19898 | Orc:2    | Reached skill level 10 in Armour
 20685 | Orc:2    | Found Zoprec's Antique Weapon Shoppe.
 20685 | Orc:2    | Found a one-way gate leading to the halls of Pandemonium.
 20685 | Orc:2    | Found Gafim's Book Emporium.
 20845 | Orc:2    | Found a staircase to the Elven Halls.
 22343 | D:14     | Found a gate to the Vaults.
 22343 | D:14     | Noticed Rupert
 22343 | D:14     | Noticed Urug
 22465 | D:13     | Killed Rupert
 22465 | D:13     | Reached XP level 15. HP: 116/116 MP: 22/22
 22562 | D:14     | Killed Urug
 22596 | D:14     | Reached skill level 15 in Armour
 22739 | D:14     | Noticed Sonja
 22753 | D:14     | Killed Sonja
 23611 | D:14     | Reached skill level 1 in Dodging
 23617 | D:15     | Entered Level 15 of the Dungeon
 24095 | D:15     | Reached skill level 5 in Dodging
 24181 | D:15     | Found a staircase to the Depths.
 24457 | D:15     | Noticed a shadow dragon
 24471 | D:15     | Killed a shadow dragon
 24931 | D:15     | Noticed a storm dragon
 24939 | D:15     | Killed a storm dragon
 25532 | Swamp:1  | Entered Level 1 of the Swamp
 25548 | Swamp:1  | Reached XP level 16. HP: 112/123 MP: 23/23
 25596 | Swamp:1  | Reached skill level 10 in Dodging
 26501 | Swamp:1  | Noticed Louise
 26502 | Swamp:1  | Cast into level 2 of the Abyss (Louise)
 26596 | Abyss:2  | Noticed a tentacled starspawn
 26605 | Abyss:2  | Killed a tentacled starspawn
 26636 | Abyss:3  | Found an iron altar of Okawaru.
 26891 | Swamp:1  | Escaped the Abyss
 26898 | Swamp:1  | Killed Louise
 27331 | Swamp:2  | Got a transparent ivory amulet
 27333 | Swamp:2  | Identified the amulet of Fuawiuxa {Gourm *Slow rPois MR+ Int+5} (You acquired it on level 2 of the Swamp)
 27993 | Swamp:2  | Noticed a thorn hunter
 28005 | Swamp:2  | Killed a thorn hunter
 28074 | Swamp:3  | Noticed Aizul
 28083 | Swamp:3  | Killed Aizul
 28519 | Swamp:3  | Reached skill level 17 in Long Blades
 28893 | Swamp:4  | Entered Level 4 of the Swamp
 29233 | Swamp:4  | Noticed a tentacled monstrosity
 29239 | Swamp:4  | Reached skill level 18 in Long Blades
 29248 | Swamp:4  | Killed a tentacled monstrosity
 29262 | Swamp:4  | Reached XP level 17. HP: 77/129 MP: 24/24
 29682 | Swamp:4  | Got a decaying rune of Zot
 30457 | Lair:2   | Upgraded the game from 0.19-a0-1714-gcab94ab to 0.19-a0-1720-gc855d72
 30493 | Spider:1 | Entered Level 1 of the Spider Nest
 30507 | Lair:3   | Reached skill level 19 in Long Blades
 32549 | Spider:2 | Reached skill level 20 in Long Blades
 33866 | Spider:3 | Reached skill level 21 in Long Blades
 34104 | Spider:4 | Entered Level 4 of the Spider Nest
 34880 | Spider:4 | Reached XP level 18. HP: 126/135 MP: 25/25
 35024 | Spider:4 | Reached skill level 22 in Long Blades
 36230 | Spider:4 | Got a gossamer rune of Zot
 36304 | Spider:4 | Reached skill level 23 in Long Blades
 36818 | Elf:1    | Entered Level 1 of the Elven Halls
 37616 | Elf:1    | Identified Yjaun's Incunabulum of Supportive Conjuration
 38410 | Elf:1    | Reached skill level 24 in Long Blades
 38495 | Elf:1    | Got a slimy hat
 38501 | Elf:1    | Identified the +2 hat "Basen" {*Corrode Regen+ MP+9} (You acquired it on level 1 of the Elven Halls)
 38756 | Elf:2    | Found an ancient bone altar of Kikubaaqudgha.
 39122 | Elf:2    | Found a runed gate.
 39122 | Elf:2    | Found a runed gate.
 39122 | Elf:2    | Found a runed gate.
 39230 | Elf:2    | Reached XP level 19. HP: 141/141 MP: 26/26
 39707 | Elf:2    | Reached skill level 25 in Long Blades
 39964 | Elf:2    | Upgraded the game from 0.19-a0-1720-gc855d72 to 0.19-a0-1735-g048f9dc
 40005 | Elf:3    | Entered Level 3 of the Elven Halls
 40335 | Elf:3    | Noticed Nikola
 40356 | Elf:3    | Killed Nikola
 40663 | Elf:3    | Noticed Saint Roka
 40669 | Elf:3    | Killed Saint Roka
 41116 | Elf:3    | Reached skill level 26 in Long Blades
 41761 | Elf:3    | Reached skill level 27 in Long Blades
 41811 | Elf:3    | Reached XP level 20. HP: 37/148 MP: 27/27
 42005 | Elf:3    | Identified the Papyrus of Torrid Translocation
 42108 | Elf:3    | Got an ancient wooden ring
 42145 | Elf:3    | Identified the ring "Uddiy" {+Fly Dex+4} (You found it on level 3 of the Elven Halls)
 42279 | Elf:3    | Got a fine silver ring
 42335 | Elf:3    | Got a sparkling turquoise ring
 43042 | D:13     | Identified the ring "Qosi" {MR+ Int+4 Dex+4} (You took it off a deep elf annihilator on level 3 of the Elven Halls)
 43043 | D:13     | Identified the ring "Lyossoaps" {Str+2 Int+3 Dex+3} (You took it off a deep elf mage on level 3 of the Elven Halls)
 43101 | Depths:1 | Entered Level 1 of the Depths
 43714 | Depths:1 | Noticed a profane servitor
 43715 | Depths:1 | Found a basalt altar of Yredelemnul.
 43723 | Depths:1 | Killed a profane servitor
 44194 | Depths:1 | Found a gateway to Hell.
 44297 | Depths:2 | Reached skill level 5 in Evocations
 44540 | Depths:2 | Found a gateway to a ziggurat.
 44628 | Depths:2 | Found a shadowy altar of Dithmenos.
 44628 | Depths:2 | Found a basalt altar of Yredelemnul.
 44629 | Depths:2 | Found a stormy altar of Qazlal.
 45263 | Depths:2 | Noticed a juggernaut
 45375 | Depths:2 | Reached XP level 21. HP: 59/153 MP: 28/28
 46016 | Depths:2 | Noticed Bai Suzhen
 46031 | Depths:2 | Killed Bai Suzhen
 46315 | Depths:2 | Killed a juggernaut
 46437 | Depths:2 | HP: 5/153 [iron troll (16)]
 46437 | Depths:2 | Slain by an iron troll

Vault maps used:
D:1:      saegor_arrival_simple_a, minmay_ruptured
D:2:      grunt_gozag_breadcrumbs, corner_web_ring
D:3:      tso_altar
D:4:      first_bread
D:5:      nicolae_overflow_crystal_walls
D:6:      kennysheep_crisscross
D:7:      elyvilon_altar_5, kennysheep_mini, enter_bailey_3,
          nicolae_qazlal_style_of_elements
D:8:      lemuel_crystal_altar
D:9:      nicolae_ru_great_annihilating_truth, roderic_cross_of_infinity
D:10:     orc_0_dummy, hangedman_ranch, uniq_josephine
D:11:     david_lair_shrubbed, basic_altar, special_room, roderic_lattice_a
D:12:     due_unseen_surprise
D:14:     david_vaults_3, nicolae_two_hexagons, minmay_misc_feat_four_crosses,
          minmay_rotating_lava, uniq_sonja
D:15:     hangedman_depths_entry_try_elsewhere_first, hangedman_decor_slide_cut,
          nrook_mini_vaults, st_stairs_7, nicolae_sextant, minmay_diamond_spiral
Temple:   dpeg_chambers_temple
Lair:2:   lab_entry_generic, grunt_megastairs_4
Lair:3:   nicolae_spider_entry_non_spiders
Lair:4:   swamp_mist
Lair:5:   lemuel_centaur_altar
Lair:6:   due_jungle_book, slime_altar_1, serial_bayou_crossing
Swamp:1:  evilmike_swamp_ruin_house_2, swamp_pool5, hangedman_swamp_blocks,
          uniq_louise
Swamp:2:  evilmike_swamp_ruin_house_4, swamp_pool2
Swamp:3:  evilmike_swamp_ruin_house_3, uniq_aizul
Swamp:4:  swamp_vile, swamp_pool2
Spider:1: spider_trap
Spider:4: floodkiller_spider_rune_tomb
Orc:1:    mines2_lemuel
Orc:2:    pf_orc_diabolical, serial_shops, nicolae_shop_waterfront
Elf:1:    elf_arrival_001, minmay_elf_sorcery, minmay_misc_feat_alley,
          hex_medium, grunt_ministairs_11, nooodl_food_tri
Elf:2:    serial_co_window_serial, co_window_of_opportunity_a,
          co_window_corner_a, co_window_paths_a, co_window_paths_b,
          co_window_paths_a, glass_columns_a, glass_columns_b, glass_columns_a,
          basic_altar
Elf:3:    minmay_elf_hall_hex, uniq_nikola, uniq_saint_roka
Depths:1: grunt_hell_entry_dis_mu, serial_bayou_pond_a, hangedman_blasphemy,
          serial_bayou_shore_b
Depths:2: hangedman_slaughterboxes, hell_entry, uniq_bai_suzhen
Abyss:2:  minivault_28
Lab:      labyrinth_hidden_loot, lab_block, labyrinth_skeletal_remains,
          nicolae_lab_hexagon, nicolae_lab_dead_end

Skill      XL: |  1  2  3  4  5  6  7  8  9 10 11 12 13 14 15 16 17 18 19 20 21 |
---------------+----------------------------------------------------------------+-----
Long Blades    | 3 4 5 6 7 9 11 13 16 18 21 24 27 | 27.0
Shields        | 5 11 15 16 19 21 | 21.2
Evocations     | 1 6 7 |  7.3
Fighting       | 11 | 11.0
Invocations    | 4 11 | 11.1
Armour         | 6 14 16 | 16.2
Dodging        | 9 13 | 13.0
Slings         | |  0.4

Action                   |  1- 3 |  4- 6 |  7- 9 | 10-12 | 13-15 | 16-18 | 19-21 || total
-------------------------+-------+-------+-------+-------+-------+-------+-------++-------
Melee: Long sword        |    86 |   193 |   353 |   553 |  1022 |       |       ||  2207
       Headbutt          |    10 |    35 |    78 |   134 |   363 |   370 |   282 ||  1272
       Scimitar          |       |       |       |       |    32 |  1241 |   833 ||  2106
Invok: Recall Ancestor   |       |       |     1 |     1 |     5 |     4 |     2 ||    13
       Ancestor Identity |       |       |     1 |     1 |       |       |       ||     2
       Ancestor Life: Ba |       |       |     1 |       |       |       |       ||     1
       Idealise          |       |       |       |       |     7 |     5 |     6 ||    18
       Transference      |       |       |       |       |       |       |     1 ||     1
Evoke: Wand              |       |       |       |     5 |     3 |       |       ||     8
  Use: Scroll            |       |     1 |     9 |    18 |     4 |    17 |    19 ||    68
       Potion            |       |       |     2 |    10 |     4 |     3 |     6 ||    25
 Stab: Distracted        |       |       |     2 |     6 |    17 |    18 |    17 ||    60
       Invisible         |       |       |     2 |       |       |       |       ||     2
       Paralysed         |       |       |     2 |       |       |       |       ||     2
  Eat: Chunk             |     1 |     9 |    13 |    23 |    13 |    47 |    24 ||   130
       Pizza             |       |       |     1 |     2 |     6 |     1 |       ||    10
       Fruit             |       |       |       |     7 |     5 |       |       ||    12
       Beef jerky        |       |       |       |       |     2 |       |       ||     2
       Meat ration       |       |       |       |       |     1 |     1 |       ||     2
Armor: Scale mail        |    23 |       |       |       |       |       |       ||    23
       Plate armour      |    13 |   107 |   214 |   183 |   272 |   192 |   207 ||  1188
       Storm dragon armo |       |       |       |       |       |   237 |    76 ||   313
Dodge: Dodged            |    22 |    34 |    53 |    70 |   142 |   466 |   312 ||  1099
Block: Shield            |    41 |    93 |   141 |   321 |   771 |   964 |   608 ||  2939
       Reflection        |       |       |       |    11 |    39 |     1 |       ||    51
